[Event "Titled Tuesday Blitz August 15 Early 2023"]
[White "Kosteniuk, Alexandra"]
[Black "Milosevic, Milos"]
[WhiteFideId "4128125"]
[BlackFideId "964875"]
[WhiteElo "2744"]
[BlackElo "2607"]
[Result "1-0"]
[Round "10"]
[TimeControl "180+1"]
[Date "2023.08.15"]
[WhiteClock "0:00:12"]
[BlackClock "0:00:01"]
[Board "46"]

1. e4 c6 2. Nc3 d5 3. Nf3 Bg4 4. h3 Bxf3 5. Qxf3 e6 6. g3 Nd7 7. d4 dxe4 8. Nxe4 Ngf6 9. Bg2 Nxe4 10. Qxe4 Nf6 11. Qd3 Be7 12. O-O O-O 13. Rd1 Qb6 14. a4 a5 15. Be3 Nd5 16. Bd2 Nb4 17. Qb3 Qc7 18. c3 Nd5 19. Re1 Rfb8 20. c4 Nb4 21. Bc3 Rd8 22. Rad1 c5 23. d5 exd5 24. Bxd5 Nxd5 25. Rxd5 Rxd5 26. cxd5 c4 27. Qb5 Bc5 28. Kg2 h5 29. Qxc4 b6 30. Qh4 Qd7 31. Qxh5 Qxa4 32. Qg5 Bf8 33. h4 Kh7 34. h5 Re8 35. Qf5+ Kg8 36. h6 Rxe1 37. h7+ Kh8 38. Bxe1 Qe8 39. Bc3 f6 40. Bd4 Bd6 41. Bxb6 a4 42. Bd4 Qb8 43. g4 Qb5 44. g5 fxg5 45. Qxg5 Bf8 46. Qf5 Qe8 47. Bc3 Bd6 48. Bd4 Qd8 49. Qg6 Bf8 50. d6 Qxd6 51. Bxg7+ Bxg7 52. Qxd6 Kxh7 53. Qd7 Kg6 54. Qd3+ Kf6 55. Qa6+ Kf7 56. Qxa4 Kg8 57. Qb3+ 1-0


[Site "https://www.chess.com"]

[Event "Titled Tuesday Blitz August 15 Early 2023"]
[White "Dimitrov, Atanas"]
[Black "Altman, Joshua"]
[WhiteFideId "2901315"]
[BlackFideId "426210"]
[WhiteElo "2734"]
[BlackElo "2581"]
[Result "1-0"]
[Round "10"]
[TimeControl "180+1"]
[Date "2023.08.15"]
[WhiteClock "0:01:14"]
[BlackClock "0:00:31"]
[Board "47"]

1. Nf3 Nf6 2. c4 e6 3. Nc3 Bb4 4. Qc2 d5 5. e3 O-O 6. b3 c5 7. Bb2 d4 8. exd4 cxd4 9. Ne4 Nc6 10. Nxf6+ Qxf6 11. Bd3 h6 12. a3 Bd6 13. b4 e5 14. O-O Bg4 15. Be4 Rac8 16. c5 Be7 17. h3 Bh5 18. Rfe1 Bxf3 19. Bxf3 Rfe8 20. Rac1 Bf8 21. d3 a5 22. Qb3 axb4 23. axb4 b6 24. cxb6 Nxb4 25. b7 Rb8 26. Ba3 Na6 27. Bxf8 Rxf8 28. Rc6 Rxb7 29. Qxb7 1-0


[Site "https://www.chess.com"]

[Event "Titled Tuesday Blitz August 15 Early 2023"]
[White "Alex_Sahakyan2006"]
[Black "Thecourseoisildur"]
[WhiteElo "2716"]
[BlackElo "2573"]
[Result "0-1"]
[Round "10"]
[TimeControl "180+1"]
[Date "2023.08.15"]
[WhiteClock "0:00:06"]
[BlackClock "0:00:20"]
[Board "48"]

1. e4 c5 2. Nc3 Nc6 3. Bb5 Nd4 4. Nf3 Nxb5 5. Nxb5 d5 6. exd5 a6 7. Nc3 Nf6 8. d4 Nxd5 9. Nxd5 Qxd5 10. Be3 Bg4 11. dxc5 Bxf3 12. Qxf3 Qxf3 13. gxf3 e6 14. Ke2 a5 15. c3 Kd7 16. a4 Kc6 17. b4 e5 18. Rhd1 Be7 19. b5+ Kc7 20. Kd3 Rac8 21. Ke4 f6 22. f4 Kb8 23. Rd5 exf4 24. Bxf4+ Ka8 25. Rad1 Bxc5 26. Kf3 Bb6 27. R1d3 Rc4 28. Be3 Bxe3 29. fxe3 Rxa4 30. b6 Rb8 31. e4 Rc8 32. Rd8 Kb8 33. R8d7 Rac4 34. Rxg7 R4c6 35. Rxh7 Rxb6 36. Kf4 a4 37. Rd4 Ra6 38. Rb4 Rc7 39. Rxc7 Kxc7 40. Rb2 a3 41. Ra2 Kc6 42. h4 Kc5 43. h5 Kc4 44. h6 Kb3 45. Ra1 Kb2 46. Rh1 a2 47. h7 Ra8 48. Kf5 Kxc3 49. Kxf6 b5 50. e5 b4 51. e6 b3 52. e7 b2 53. h8=Q Rxh8 54. Rxh8 a1=Q 55. Rc8+ Kb4 56. Rb8+ Kc5 57. Kf7 Qf1+ 58. Ke6 Qe2+ 59. Kd7 Qd2+ 60. Kc8 Qe3 61. Kd8 Qd4+ 62. Kc8 Qe4 63. Kd8 Qd5+ 64. Kc8 Qe6+ 65. Kd8 Qd6+ 66. Kc8 Qxe7 67. Rxb2 Qf8+ 68. Kb7 Qg7+ 69. Ka8 Qxb2 0-1


[Site "https://www.chess.com"]

[Event "Titled Tuesday Blitz August 15 Early 2023"]
[White "Shapiro, Viktor"]
[Black "Papasimakopoulos, Alexandros"]
[WhiteFideId "4175700"]
[BlackFideId "4244125"]
[WhiteElo "2565"]
[BlackElo "2700"]
[Result "0-1"]
[Round "10"]
[TimeControl "180+1"]
[Date "2023.08.15"]
[WhiteClock "0:00:22"]
[BlackClock "0:01:28"]
[Board "49"]

1. c4 e6 2. Nc3 d5 3. d4 a6 4. e3 Nf6 5. Nf3 Be7 6. cxd5 exd5 7. Bd3 O-O 8. O-O Nbd7 9. a3 c5 10. Bd2 c4 11. Bc2 b5 12. b4 Bb7 13. a4 Bc6 14. Ne5 Nxe5 15. dxe5 Nd7 16. axb5 axb5 17. Rxa8 Qxa8 18. Qb1 g6 19. f4 Re8 20. Ne2 Nf8 21. Bc3 d4 22. Nxd4 Bxg2 23. Rf2 Bc6 24. Nxc6 Qxc6 25. Be4 Qc8 26. Qd1 Rd8 27. Rd2 Rxd2 28. Qxd2 Qg4+ 29. Kf1 Ne6 30. Qd5 Qh3+ 31. Ke2 Qxh2+ 32. Kd1 Qg1+ 33. Ke2 Qh2+ 34. Kd1 Qg3 35. Bd2 c3 36. Bc1 Qf2 37. Qxb5 h5 38. Qe8+ Bf8 39. b5 Nc5 40. Qc6 Nxe4 41. Qxe4 c2+ 42. Qxc2 Qf1+ 43. Kd2 Bb4+ 44. Qc3 Bxc3+ 45. Kxc3 Qxc1+ 0-1


[Site "https://www.chess.com"]

[Event "Titled Tuesday Blitz August 15 Early 2023"]
[White "Hua, Lefong"]
[Black "Williams, Simon K"]
[WhiteFideId "2602253"]
[BlackFideId "404454"]
[WhiteElo "2694"]
[BlackElo "2561"]
[Result "1-0"]
[Round "10"]
[TimeControl "180+1"]
[Date "2023.08.15"]
[WhiteClock "0:00:24"]
[BlackClock "0:00:00"]
[Board "50"]

1. d4 e6 2. c4 f5 3. g3 Nf6 4. Bg2 Be7 5. Nc3 O-O 6. Nf3 d6 7. O-O Ne4 8. Qc2 Nxc3 9. Qxc3 a5 10. b3 Nc6 11. Bb2 Bf6 12. Rad1 Qe8 13. a3 e5 14. dxe5 dxe5 15. Qc2 g5 16. e3 g4 17. Nd2 e4 18. Nb1 Bxb2 19. Qxb2 Qe5 20. Qxe5 Nxe5 21. Rd5 Nd3 22. Rd1 Be6 23. Rd4 Rad8 24. Bf1 c5 25. Rxd8 Rxd8 26. Nc3 b6 27. Bxd3 exd3 28. Kf1 b5 29. cxb5 Bxb3 30. Rb1 a4 31. Ke1 d2+ 32. Ke2 Bc4+ 33. Kd1 Bb3+ 34. Ke2 Rd6 35. b6 Rxb6 36. Kxd2 Rd6+ 37. Ke1 Rd3 38. Rc1 Kf7 39. Ke2 c4 40. Nb5 Rd7 41. Nd4 Kf6 42. Kd2 Ke5 43. Kc3 Ke4 44. Rf1 h5 45. f3+ Kxe3 46. Re1+ Kf2 47. Re2+ Kf1 48. Re5 Rxd4 49. Kxd4 gxf3 50. Rxf5 Ke2 51. Re5+ Kd2 52. Rf5 c3 53. Rxf3 c2 54. Rf1 c1=Q 55. Rxc1 Kxc1 56. Kc3 Be6 57. Kb4 Bd7 58. Kc3 Kb1 59. Kb4 Ka2 60. h3 Bxh3 61. Kxa4 Kb2 62. Kb4 Kc2 63. Kc4 Kd2 64. Kd4 Ke2 65. Ke4 Kf2 66. Kf4 Bd7 67. Kg5 Bg4 68. Kh4 1-0


[Site "https://www.chess.com"]

[Event "Titled Tuesday Blitz August 15 Early 2023"]
[White "Dehtiarov, Roman"]
[Black "Ansh M Shah"]
[WhiteFideId "14186640"]
[BlackFideId "25033379"]
[WhiteElo "2669"]
[BlackElo "2541"]
[Result "1-0"]
[Round "10"]
[TimeControl "180+1"]
[Date "2023.08.15"]
[WhiteClock "0:02:44"]
[BlackClock "0:02:35"]
[Board "51"]

1. e4 c6 2. Nc3 d5 3. Nf3 Bg4 4. h3 Bxf3 5. Qxf3 e6 6. d3 Nd7 7. Be2 Bc5 8. Qg3 Bd4 9. Be3 Bxe3 10. fxe3 Ne7 11. Qxg7 Rg8 12. Qxh7 Rxg2 13. Rf1 f6 14. Bh5+ 1-0


[Site "https://www.chess.com"]

[Event "Titled Tuesday Blitz August 15 Early 2023"]
[White "Huschenbeth, Niclas"]
[Black "Ordekalog"]
[WhiteFideId "24604747"]
[WhiteElo "2666"]
[BlackElo "2547"]
[Result "1/2-1/2"]
[Round "10"]
[TimeControl "180+1"]
[Date "2023.08.15"]
[WhiteClock "0:00:05"]
[BlackClock "0:00:05"]
[Board "52"]

1. e4 c5 2. Nf3 Nc6 3. d4 cxd4 4. Nxd4 Qb6 5. Nb3 Nf6 6. Nc3 e6 7. Qe2 Bb4 8. Bd2 O-O 9. O-O-O d5 10. e5 Bxc3 11. Bxc3 Ne4 12. Bd4 Nxd4 13. Nxd4 Bd7 14. f3 Nc5 15. Kb1 Rfc8 16. h4 a5 17. h5 a4 18. a3 Qd8 19. Qd2 h6 20. g4 b5 21. c3 Nb3 22. Qe3 b4 23. cxb4 Qc7 24. Bd3 Qa7 25. Bc2 Nxd4 26. Qxd4 Rc4 27. Qxa7 Rxa7 28. Bd3 Rf4 29. Be2 f6 30. exf6 gxf6 31. Rd2 Kf7 32. Rc1 Ke7 33. Rc5 Kd6 34. Kc2 Ra8 35. b3 Bc6 36. bxa4 Bxa4+ 37. Kb2 Bc6 38. Rdc2 Bd7 39. Rd2 Bc6 40. Rd3 e5 41. Rd2 d4 42. Rd3 Bb7 43. Rb3 e4 44. fxe4 Rf2 45. Rc2 Bxe4 46. Bd3 Rxc2+ 47. Kxc2 Bd5 48. Rb1 Rxa3 49. b5 Ra2+ 50. Kd1 Bf3+ 51. Ke1 Ra3 52. b6 Rxd3 53. b7 Re3+ 54. Kf2 Bxb7 55. Rxb7 Ke5 56. Rh7 Kf4 57. Rxh6 Re7 58. Rxf6+ Kxg4 59. h6 Kg5 60. Rd6 Rh7 61. Rxd4 Rxh6 62. Rd5+ Kf6 63. Rd4 Ke5 64. Rd3 Rf6+ 65. Rf3 Rxf3+ 66. Kxf3 1/2-1/2


[Site "https://www.chess.com"]

[Event "Titled Tuesday Blitz August 15 Early 2023"]
[White "Martinez Reyes, Pedro Ramon"]
[Black "Vaishali, Rameshbabu"]
[WhiteFideId "3901807"]
[BlackFideId "5091756"]
[WhiteElo "2527"]
[BlackElo "2653"]
[Result "0-1"]
[Round "10"]
[TimeControl "180+1"]
[Date "2023.08.15"]
[WhiteClock "0:00:44"]
[BlackClock "0:00:08"]
[Board "53"]

1. e4 c5 2. Nf3 e6 3. c3 Nf6 4. e5 Nd5 5. b4 cxb4 6. c4 Nc7 7. d4 d6 8. Bb2 Nc6 9. exd6 Bxd6 10. Bd3 Be7 11. O-O O-O 12. Qe2 Bf6 13. Qe4 g6 14. Nbd2 Bg7 15. Rfe1 e5 16. d5 Bf5 17. Qe2 Bxd3 18. Qxd3 e4 19. Qb3 Na5 20. Qxb4 Bxb2 21. Qxb2 exf3 22. Qc3 b6 23. Ne4 f6 24. Re3 Rc8 25. Qd4 Ne6 26. Qd1 Nc5 27. Nd2 fxg2 28. Qe2 Re8 29. Re1 Rxe3 30. Qxe3 Qd7 31. Qf4 Kf7 32. Re3 Re8 33. Nf3 Rxe3 34. fxe3 Kg7 35. Kxg2 Nab7 36. Nd4 Qd6 37. Qg4 Qd7 38. Qf4 Nd6 39. Nc6 Nce4 40. Nd4 Nc5 41. Nc6 g5 42. Qd4 Qf5 43. Nxa7 Qc2+ 44. Kh3 Nde4 45. d6 h5 46. Qb2 g4+ 47. Kh4 Qxb2 48. Nc6 Qxh2# 0-1


[Site "https://www.chess.com"]

[Event "Titled Tuesday Blitz August 15 Early 2023"]
[White "Ovchinnikov, Vsevolod"]
[Black "Lach, Aleksandra"]
[WhiteFideId "24176842"]
[BlackFideId "1134299"]
[WhiteElo "2638"]
[BlackElo "2438"]
[Result "1-0"]
[Round "10"]
[TimeControl "180+1"]
[Date "2023.08.15"]
[WhiteClock "0:00:02"]
[BlackClock "0:00:00"]
[Board "54"]

1. d4 f5 2. Nf3 Nf6 3. g3 g6 4. b3 Bg7 5. Bb2 d6 6. Bg2 O-O 7. O-O c6 8. Nbd2 Nbd7 9. Re1 d5 10. c4 Ne4 11. e3 h6 12. Qc2 Qe8 13. cxd5 cxd5 14. Rac1 g5 15. Ba3 Rf6 16. Ne5 Nxe5 17. dxe5 Rc6 18. Qd3 Be6 19. Nf3 Ra6 20. Nd4 Qd7 21. Nb5 Bxe5 22. f3 Nf6 23. f4 Bd6 24. Bxd6 exd6 25. Nc7 Re8 26. Nxa6 bxa6 27. Qxa6 Bf7 28. Qa5 Qe6 29. Qxa7 Ng4 30. h3 Nf6 31. Qd4 Kh7 32. Kh2 g4 33. h4 Ne4 34. Rc7 Kg6 35. Rec1 Nf2 36. Re1 Ne4 37. a4 Rb8 38. b4 Qe8 39. a5 Qa4 40. Rb1 1-0


[Site "https://www.chess.com"]

[Event "Titled Tuesday Blitz August 15 Early 2023"]
[White "Colas, Joshua"]
[Black "gmbenjaminbok"]
[WhiteFideId "2044447"]
[WhiteElo "2628"]
[BlackElo "2918"]
[Result "0-1"]
[Round "10"]
[TimeControl "180+1"]
[Date "2023.08.15"]
[WhiteClock "0:00:46"]
[BlackClock "0:00:45"]
[Board "55"]

1. Nf3 d5 2. c4 e6 3. g3 Nf6 4. Bg2 dxc4 5. Qa4+ Nbd7 6. O-O a6 7. Qxc4 b5 8. Qc2 Bb7 9. b3 Be7 10. Bb2 O-O 11. d3 c5 12. Nc3 Qb6 13. Rac1 Rfd8 14. Rfd1 Rac8 15. Qb1 h6 16. Qa1 Bc6 17. e4 Bb7 18. h3 Ne8 19. Ne2 Bf6 20. d4 Bxe4 21. Nf4 Qb7 22. Ne1 Bxg2 23. Nexg2 cxd4 24. Rxc8 Rxc8 25. Nh5 e5 26. g4 g6 27. Nxf6+ Nexf6 28. f4 Rc2 29. Ne1 Re2 30. fxe5 Nd5 31. e6 Nf4 32. exf7+ Kxf7 0-1


[Site "https://www.chess.com"]

[Event "Titled Tuesday Blitz August 15 Early 2023"]
[White "Bazilius, Augustinas"]
[Black "Bersamina, Paulo"]
[WhiteFideId "12832251"]
[BlackFideId "5206995"]
[WhiteElo "2476"]
[BlackElo "2730"]
[Result "0-1"]
[Round "10"]
[TimeControl "180+1"]
[Date "2023.08.15"]
[WhiteClock "0:00:15"]
[BlackClock "0:01:35"]
[Board "56"]

1. d4 Nf6 2. c4 e6 3. Nf3 Bb4+ 4. Bd2 Qe7 5. g3 Nc6 6. Bg2 Bxd2+ 7. Qxd2 Ne4 8. Qc2 Qb4+ 9. Nc3 Nxc3 10. Qxc3 Qxc3+ 11. bxc3 d6 12. Nd2 Bd7 13. e4 O-O-O 14. Ke2 e5 15. Kd3 Na5 16. Nb3 Nc6 17. f4 f6 18. d5 Nb8 19. fxe5 fxe5 20. Rhf1 b6 21. Rf7 Rhg8 22. Raf1 Rde8 23. Nd2 Kd8 24. a4 Re7 25. R7f2 a5 26. c5 Bxa4 27. c6 Na6 28. Rf8+ Rxf8 29. Rxf8+ Re8 30. Rf7 Nc5+ 31. Ke3 Bc2 32. Rxg7 h5 33. Bh3 a4 34. Nc4 Bxe4 35. Bd7 Bxd5 36. Bxe8 Bxc4 37. Bg6 a3 38. Bb1 Na4 39. Rd7+ Kc8 40. Kd2 Bd5 41. Rh7 Bxc6 42. Rxh5 e4 43. Rh8+ Kb7 44. Rh4 e3+ 45. Kxe3 Nxc3 46. Kd2 Nxb1+ 47. Kc1 Nc3 48. Kc2 Nd5 49. Rh7 Nf4 50. gxf4 Be4+ 51. Kb3 Bxh7 52. Kxa3 Kc6 53. Kb4 Kd5 54. Kb5 Ke6 55. Kc6 Kf5 56. h4 Kxf4 57. Kxc7 d5 58. Kxb6 d4 59. Kc5 d3 60. Kd4 d2 61. Kc3 d1=Q 62. Kb4 Qc2 63. h5 Kg4 64. h6 Kh5 65. Kb5 Kxh6 66. Kb6 Kg7 67. Kb7 Qc5 68. Kb8 Qe7 69. Ka8 Be4+ 70. Kb8 Qb7# 0-1


[Site "https://www.chess.com"]

[Event "Titled Tuesday Blitz August 15 Early 2023"]
[White "Mogirzan, Matei-Valeriu"]
[Black "Veiga, Jose Francisco R P Neves"]
[WhiteFideId "1257455"]
[BlackFideId "1930087"]
[WhiteElo "2534"]
[BlackElo "2670"]
[Result "1-0"]
[Round "10"]
[TimeControl "180+1"]
[Date "2023.08.15"]
[WhiteClock "0:01:38"]
[BlackClock "0:01:11"]
[Board "57"]

1. e4 Nc6 2. Nf3 d6 3. d4 Nf6 4. d5 Nb8 5. c4 Nxe4 6. Nc3 Nxc3 7. bxc3 e6 8. Bd3 Be7 9. Be3 O-O 10. h4 exd5 11. Ng5 g6 12. Nxh7 Kxh7 13. h5 Kg7 14. Bh6+ Kg8 15. hxg6 Bf6 16. Qh5 Qe8+ 17. Be3 Bxc3+ 18. Kf1 Bxa1 19. Qh7# 1-0


[Site "https://www.chess.com"]

[Event "Titled Tuesday Blitz August 15 Early 2023"]
[White "Maltsevskaya, Aleksandra"]
[Black "Kashefi, Amir Hosein"]
[WhiteFideId "24174041"]
[BlackFideId "12557935"]
[WhiteElo "2668"]
[BlackElo "2520"]
[Result "1-0"]
[Round "10"]
[TimeControl "180+1"]
[Date "2023.08.15"]
[WhiteClock "0:00:12"]
[BlackClock "0:00:01"]
[Board "58"]

1. Nf3 d5 2. g3 c6 3. Bg2 Nf6 4. d3 Bf5 5. O-O e6 6. Nbd2 Bc5 7. b3 a5 8. Bb2 O-O 9. Ne5 Nbd7 10. e4 dxe4 11. dxe4 Bg6 12. Nxg6 hxg6 13. Qe2 Qc7 14. e5 Nd5 15. c4 Nb4 16. Ne4 Be7 17. f4 Nc5 18. h4 a4 19. h5 gxh5 20. Qxh5 axb3 21. Nf6+ Bxf6 22. exf6 e5 23. fxg7 f6 24. Qh8+ Kf7 25. gxf8=Q+ Rxf8 26. Qh7+ Ke6 27. Bh3+ Kd6 28. fxe5+ fxe5 29. Bxe5+ Kxe5 30. Qxc7+ Kd4 31. Qd6+ Kxc4 32. Rac1+ Nc2 33. axb3+ Kb5 34. Rxf8 Ne4 35. Qd3+ Kb6 36. Qxe4 Na3 37. Qb4+ Nb5 38. Qxb5+ cxb5 39. Bf1 b4 40. Rc4 Ka5 41. Rxb4 Kxb4 42. Rb8 Ka5 43. b4+ Kb6 44. g4 Ka7 45. Rf8 Kb6 46. Bg2 Ka7 47. Bxb7 Kb6 48. b5 Ka5 49. b6 Kxb6 50. g5 Kc7 51. g6 Kd6 52. g7 Ke7 53. g8=Q Kd6 54. Bh1 Kc5 55. Kg2 Kd4 56. Qe6 Kc5 57. Rd8 Kb4 58. Qc6 Ka5 59. Qb7 Ka4 60. Ra8# 1-0


[Site "https://www.chess.com"]

[Event "Titled Tuesday Blitz August 15 Early 2023"]
[White "Goltsev, Dmitry"]
[Black "FunnyDuck66"]
[WhiteFideId "24176710"]
[WhiteElo "2643"]
[BlackElo "2505"]
[Result "1-0"]
[Round "10"]
[TimeControl "180+1"]
[Date "2023.08.15"]
[WhiteClock "0:00:06"]
[BlackClock "0:00:00"]
[Board "60"]

1. e4 c6 2. d4 d5 3. Nc3 dxe4 4. Nxe4 Nf6 5. Qe2 Nxe4 6. Qxe4 Nd7 7. Nf3 Nf6 8. Qh4 Bf5 9. c3 e6 10. Bg5 Be7 11. Be2 h6 12. Ne5 O-O 13. Bxf6 Bxf6 14. Qg3 Qc7 15. Ng4 Qxg3 16. Nxf6+ gxf6 17. hxg3 Kg7 18. Kd2 Bg6 19. Rh4 Rad8 20. Rah1 Rh8 21. Bd3 c5 22. Ke3 cxd4+ 23. cxd4 Rc8 24. f4 Rc6 25. g4 Bxd3 26. Kxd3 Kg6 27. Rh5 Ra6 28. a3 Rb6 29. Kc2 Rc6+ 30. Kb1 Rd6 31. g5 fxg5 32. fxg5 Rxd4 33. gxh6 Rg4 34. R5h2 f5 35. h7 Kg7 36. Rc1 Kf6 37. Ka2 Rg7 38. Rch1 e5 39. Kb3 Rg6 40. Kc4 e4 41. Kd4 Rd8+ 42. Ke3 Rh8 43. Rd1 Rg3+ 44. Kd4 Rg7 45. Rh6+ Rg6 46. Rh5 Rxg2 47. Rf1 Rg5 48. Rh4 Rg7 49. Rh5 Rd7+ 50. Ke3 Rd3+ 51. Kf4 Ke6 52. Rh6+ Kd5 53. Kg5 Rg3+ 54. Kf6 Rf3 55. Rd1+ Rd3 56. Rg1 Kc4 57. Rg8 1-0


[Site "https://www.chess.com"]

[Event "Titled Tuesday Blitz August 15 Early 2023"]
[White "Nguyen Hong Nhung"]
[Black "Eynullayev, Atilla"]
[WhiteFideId "12412201"]
[BlackFideId "13413570"]
[WhiteElo "2499"]
[BlackElo "2634"]
[Result "0-1"]
[Round "10"]
[TimeControl "180+1"]
[Date "2023.08.15"]
[WhiteClock "0:00:51"]
[BlackClock "0:00:25"]
[Board "61"]

1. e4 c5 2. Nc3 e6 3. f4 d5 4. Nf3 dxe4 5. Nxe4 Be7 6. g3 Nf6 7. d3 Nc6 8. Bg2 Nd5 9. O-O O-O 10. Kh1 b6 11. Re1 Bb7 12. c3 Qc7 13. d4 cxd4 14. Nxd4 Rad8 15. Nxc6 Bxc6 16. Qe2 Qb7 17. Bd2 Rd7 18. Rad1 Rfd8 19. Bc1 Qa8 20. Nd2 Ne3 21. Qxe3 Bxg2+ 22. Kg1 Bc5 0-1


[Site "https://www.chess.com"]

[Event "Titled Tuesday Blitz August 15 Early 2023"]
[White "Shuvalova, Polina"]
[Black "Reprintsev, Alexander"]
[WhiteFideId "24171760"]
[BlackFideId "14100541"]
[WhiteElo "2630"]
[BlackElo "2495"]
[Result "0-1"]
[Round "10"]
[TimeControl "180+1"]
[Date "2023.08.15"]
[WhiteClock "0:00:02"]
[BlackClock "0:00:12"]
[Board "62"]

1. Nf3 d5 2. g3 Nc6 3. d4 Bf5 4. Bg2 Nb4 5. Na3 e6 6. O-O h6 7. c3 Nc6 8. Nc2 Nf6 9. a4 a5 10. Na3 Bd6 11. Nb5 O-O 12. Nxd6 cxd6 13. Ne1 Qb6 14. Nd3 Rfc8 15. Ra3 Bh7 16. Rb3 Qc7 17. h3 Ne7 18. Rb5 Rab8 19. Bf4 Qc6 20. Rxa5 Ra8 21. Nb4 Qd7 22. Rxa8 Rxa8 23. Qb3 g5 24. Bd2 Qxa4 25. Qxa4 Rxa4 26. f3 Nc6 27. Nd3 Ra2 28. Bc1 b5 29. h4 gxh4 30. g4 h5 31. g5 Nd7 32. Kh2 Nb6 33. Kh3 Nc4 34. Kxh4 b4 35. cxb4 Nxd4 36. Nf4 Nf5+ 37. Kh3 h4 38. Nh5 Bg6 39. Nf6+ Kf8 40. e4 Nfe3 41. Bxe3 Nxe3 42. Rf2 d4 43. Kxh4 Ra4 44. b5 Rb4 45. b6 Ke7 46. Rd2 Rxb6 47. Bh3 Rb4 48. Kg3 Rc4 49. Bg4 e5 50. Ng8+ Kd8 51. Nf6 Kc7 52. Bh5 Bxh5 53. Nxh5 Nf1+ 54. Kf2 Nxd2 55. Nf6 Rc2 56. Ke2 Rxb2 57. Kd3 Nf1 58. Nd5+ Kd7 59. Kc4 Ke6 60. g6 fxg6 61. f4 exf4 62. Kd3 Rd2+ 63. Kc4 f3 64. Nf4+ Ke5 65. Nxg6+ Kxe4 66. Ne7 Rc2+ 67. Kb3 Rc7 68. Ng6 Rb7+ 69. Kc2 f2 70. Nh4 Ne3+ 71. Kd2 f1=Q 72. Nf3 Qd1# 0-1


[Site "https://www.chess.com"]

[Event "Titled Tuesday Blitz August 15 Early 2023"]
[White "Papayan, Oleg"]
[Black "Devaev, Alexander"]
[WhiteFideId "4193911"]
[BlackFideId "4169395"]
[WhiteElo "2608"]
[BlackElo "2479"]
[Result "1-0"]
[Round "10"]
[TimeControl "180+1"]
[Date "2023.08.15"]
[WhiteClock "0:00:03"]
[BlackClock "0:00:00"]
[Board "63"]

1. e4 c6 2. Nc3 d5 3. Nf3 Nf6 4. e5 Ne4 5. Ne2 e6 6. d4 c5 7. Ng3 Nc6 8. dxc5 Nxg3 9. hxg3 Bxc5 10. Bd3 h6 11. O-O Bd7 12. Qe2 Qb6 13. c3 a5 14. a4 d4 15. Bb5 dxc3 16. bxc3 O-O 17. Rd1 Rfd8 18. Bf4 Qc7 19. Qc4 Ne7 20. Rd2 Bxb5 21. Qxb5 b6 22. Rad1 Ng6 23. Rd7 Rxd7 24. Rxd7 Qc8 25. Qd3 Qe8 26. Nd2 Rc8 27. Ne4 Be7 28. Kh2 Bf8 29. c4 1-0


[Site "https://www.chess.com"]

[Event "Titled Tuesday Blitz August 15 Early 2023"]
[White "Ibadov, Dashgyn"]
[Black "Bueno, Alfeu Junior Varela"]
[WhiteFideId "24107514"]
[BlackFideId "2108879"]
[WhiteElo "2605"]
[BlackElo "2453"]
[Result "0-1"]
[Round "10"]
[TimeControl "180+1"]
[Date "2023.08.15"]
[WhiteClock "0:00:03"]
[BlackClock "0:00:04"]
[Board "64"]

1. e4 e6 2. d4 d5 3. Nc3 Nf6 4. e5 Nfd7 5. Nce2 c5 6. c3 Nc6 7. Nf3 cxd4 8. cxd4 f6 9. Nf4 Qe7 10. exf6 Qxf6 11. a3 Bd6 12. g3 O-O 13. Bg2 g5 14. Nd3 g4 15. Nfe5 Ndxe5 16. dxe5 Nxe5 17. O-O Nf3+ 18. Bxf3 Qxf3 19. Bf4 Qxd1 20. Raxd1 Bxf4 21. Nxf4 Bd7 22. Rfe1 Rae8 23. Re5 Rf7 24. Rde1 Rf6 25. Nxd5 Rf3 26. Nf4 Rb3 27. Nxe6 Bxe6 28. Rxe6 Rxe6 29. Rxe6 Rxb2 30. Re4 h5 31. Re5 Rb3 32. Rxh5 Rxa3 33. Rg5+ Kf7 34. Rxg4 b5 35. Rb4 Ra1+ 36. Kg2 a6 37. h4 Rd1 38. g4 Rd5 39. Kg3 a5 40. Rb1 a4 41. g5 a3 42. Rb3 a2 43. Ra3 Rd2 44. Rd3 Rxd3+ 0-1


[Site "https://www.chess.com"]

[Event "Titled Tuesday Blitz August 15 Early 2023"]
[White "Golubev, Mikhail"]
[Black "Molenda, Marcin"]
[WhiteFideId "14100983"]
[BlackFideId "1173065"]
[WhiteElo "2604"]
[BlackElo "2475"]
[Result "0-1"]
[Round "10"]
[TimeControl "180+1"]
[Date "2023.08.15"]
[WhiteClock "0:00:02"]
[BlackClock "0:00:15"]
[Board "65"]

1. e4 c5 2. Nf3 d6 3. d4 cxd4 4. Nxd4 Nf6 5. Nc3 a6 6. Bc4 e6 7. O-O Nbd7 8. Bxe6 fxe6 9. Nxe6 Qa5 10. Bd2 Rb8 11. Nd5 Qa4 12. b3 Qc6 13. c4 Nc5 14. Nxf6+ gxf6 15. Qh5+ Ke7 16. Nf4 Be6 17. Nd5+ Kd8 18. Rfe1 Be7 19. Bc3 Rf8 20. Rad1 Bxd5 21. exd5 Qe8 22. Qxh7 Qf7 23. Qh3 f5 24. Bd4 Ne4 25. f3 Ng5 26. Qg3 Kd7 27. c5 Rg8 28. cxd6 Bxd6 29. Be5 Bxe5 30. Rxe5 Rbe8 31. Kh1 Rxe5 32. Qxe5 Re8 33. Qf4 Qf6 34. Qa4+ b5 35. Qd4 Qxd4 0-1


[Site "https://www.chess.com"]

[Event "Titled Tuesday Blitz August 15 Early 2023"]
[White "Toktomushev, Teimur"]
[Black "Sadykov, Ramil"]
[WhiteFideId "14176726"]
[BlackFideId "24113590"]
[WhiteElo "2451"]
[BlackElo "2593"]
[Result "1-0"]
[Round "10"]
[TimeControl "180+1"]
[Date "2023.08.15"]
[WhiteClock "0:00:01"]
[BlackClock "0:00:00"]
[Board "66"]

1. d4 Nf6 2. c4 e6 3. Nf3 b6 4. g3 Ba6 5. b3 Bb4+ 6. Bd2 Be7 7. Bg2 O-O 8. O-O c6 9. Bc3 d5 10. Nbd2 Nbd7 11. Qc2 Rc8 12. e4 c5 13. Rfd1 cxd4 14. Nxd4 dxc4 15. Nxc4 Bxc4 16. bxc4 Rxc4 17. e5 Nd5 18. Bxd5 exd5 19. e6 Nc5 20. exf7+ Rxf7 21. Nc6 Qc7 22. Nxe7+ Qxe7 23. Rxd5 Ne4 24. Rd3 Nxf2 25. Rd4 Nh3+ 26. Kg2 Rf2+ 27. Qxf2 Nxf2 28. Rxc4 Nd3 29. Rc8+ Kf7 30. Rf1+ Ke6 31. Rc4 Qb7+ 32. Kg1 Qd5 33. Rd4 Qc5 34. Ba1 1-0


[Site "https://www.chess.com"]

[Event "Titled Tuesday Blitz August 15 Early 2023"]
[White "Yeritsyan, Hayk"]
[Black "Zavgorodniy, Sergiy"]
[WhiteFideId "13307320"]
[BlackFideId "14110148"]
[WhiteElo "2450"]
[BlackElo "2584"]
[Result "1-0"]
[Round "10"]
[TimeControl "180+1"]
[Date "2023.08.15"]
[WhiteClock "0:00:03"]
[BlackClock "0:00:35"]
[Board "67"]

1. d4 d5 2. Nf3 Nf6 3. e3 e6 4. Bd3 Bd6 5. Nbd2 O-O 6. Qe2 c5 7. c3 Nbd7 8. e4 dxe4 9. Nxe4 Nxe4 10. Qxe4 Nf6 11. Qh4 cxd4 12. Bg5 h6 13. Bxh6 gxh6 14. Qxh6 e5 15. Ng5 e4 16. Bc4 Bf5 17. g4 Nxg4 18. Qh5 Qf6 19. Rg1 Bg6 20. Qxg4 dxc3 21. Nxf7 Kg7 22. Qxg6+ Qxg6 23. Rxg6+ Kxg6 24. Nxd6 cxb2 25. Rb1 Rad8 26. Nxb7 Rd4 27. Bb3 Rb8 28. Na5 Rb6 29. Rxb2 Kg5 30. Ke2 Kf4 31. Rc2 Rh6 32. Nc4 Rxh2 33. Ne3 Kg5 34. Rc5+ Kg6 35. Rc6+ Kh7 36. Rc7+ Kg6 37. Rxa7 Rd6 38. Ra4 Rh4 39. Ra5 Rf6 40. Re5 Rh2 41. Ng4 e3 42. Nxh2 Rxf2+ 43. Kxe3 Rxh2 44. Kd4 Kf6 45. Re1 Rd2+ 46. Kc5 Rd8 47. Kb4 Rc8 48. a4 Rb8+ 49. Ka3 Kf5 50. Bc4 Ra8 51. Bb5 Kf4 52. Kb4 Rd8 53. a5 Rd1 54. Rxd1 1-0


[Site "https://www.chess.com"]